 Dungeon Crawl Stone Soup version 0.18-a0-1006-g6b5bfb2 (webtiles) character file.

279 Arkorax the Insei (level 6, -4/48 HPs)
             Began as a Vampire Transmuter on Jan 6, 2016.
             Slain by Menkaure (20 damage)
             ... on level 5 of the Dungeon.
             The game lasted 00:07:23 (6253 turns).

Arkorax the Insei (Vampire Transmuter)              Turns: 6253, Time: 00:07:23

Health: -4/48      AC: 11    Str:  9    XL:     6   Next: 5%
Magic:  9/9        EV:  4    Int: 16    God:
Gold:   286        SH:  2    Dex: 14    Spells: 1 memorised, 8 levels left

rFire  + . .     SeeInvis +       - Unarmed
rCold  + . .     Gourm    .     x - +0 chain mail {rF+}
rNeg   + + .     Faith    .     (no shield)
rPois  +         Spirit   .     h - +0 helmet
rElec  .         Dismiss  .     (no cloak)
rCorr  .         Reflect  .     (no gloves)
SustAt .         Harm     .     (no boots)
MR     .....                    (no amulet)
Stlth  ..........               (no ring)
                                b - ring of stealth

@: very slightly contaminated, regenerating slowly, hasted, very quick, not
resistant to hostile enchantments, extremely unstealthy
A: fangs 3, talons 1, large bone plates 1, see invisible, clumsy 1, unbreathing
a: Bat Form


You were on level 5 of the Dungeon.
You were very thirsty.

You visited 1 branch of the dungeon, and saw 5 of its levels.

You collected 286 gold pieces.

Inventory:

Hand Weapons
 s - a +0 blowgun
Missiles
 a - 121 arrows
 t - 24 poisoned needles
 w - 4 curare-tipped needles
Armour
 h - a +0 helmet (worn)
 x - a +0 chain mail of fire resistance (worn)
Jewellery
 b - a ring of stealth (left hand)
Scrolls
 d - a scroll of magic mapping {unknown}
 e - a scroll of immolation {unknown}
 f - 2 scrolls of fog {unknown}
 i - 2 scrolls of recharging {unknown}
 j - 6 scrolls of teleportation {unknown}
 k - 3 scrolls of blinking {unknown}
 n - a scroll of amnesia {unknown}
 p - 3 scrolls of remove curse {unknown}
 u - 3 scrolls of identify {unknown}
 y - 2 scrolls of enchant armour {unknown}
 z - a scroll of noise {unknown}
Potions
 g - a potion of brilliance {unknown}
 l - a potion of curing
 q - 5 potions of blood
Books
 c - a book of Changes

   Spells                             Type                      Level
   a - Beastly Appendage              Transmutation                1
   b - Sticks to Snakes               Transmutation                2
   c - Spider Form                    Transmutation/Poison         3
   d - Ice Form                       Ice/Transmutation            4
   e - Blade Hands                    Transmutation                5


   Skills:
 + Level 3.9 Fighting
 - Level 2.1 Dodging
 + Level 5.7 Unarmed Combat
 - Level 2.0 Spellcasting
 - Level 2.1 Transmutations


You had 8 spell levels left.
You knew the following spells:

 Your Spells              Type           Power        Failure   Level  Hunger
a - Beastly Appendage     Trmt           #.....       100%        1    #......


Dungeon Overview and Level Annotations

Branches:
Dungeon (5/15)             Temple (0/1) D:4

Altars:
Ashenzari
Dithmenos
Elyvilon
Nemelex Xobeh

Annotations:
D:4 P0WERM0DE's ghost, novice HuCK
D:5 Menkaure


Innate Abilities, Weirdness & Mutations

You heal slowly.
You have razor-sharp teeth.
You have supernaturally acute eyesight.
You can survive without breathing.
You have sharp toenails.
You are partially covered in large bone plates (AC +2, SH +2).
You are clumsy. (Dex -2)


Message History

P0WERM0DE's ghost hits you.
You feel yourself speed up.
You are very lightly contaminated with residual magic.
You climb downwards.
Level annotation: Menkaure You are feeling very thirsty.
There is a stone staircase leading up here.
Things that are here:
a leather armour; a dagger You start resting.
Menkaure is nearby!
You hit Menkaure. You claw Menkaure, but do no damage.
Menkaure is moderately damaged.
Menkaure calls on the powers of darkness!
Your body is wracked with pain!
You hit Menkaure but do no damage.
Menkaure is moderately damaged.
You hit Menkaure. You claw Menkaure, but do no damage.
Menkaure is moderately damaged.
Menkaure hits you!!
You die...

.## ..# #.# ####.# #####
#######.### #....#######...#
#.......M.. #..............#
#.#####.### ####....#######...#
#.##### #.>.......<.[..#.##
#.....#
........#.######@#.####.....#.#
....###.#.# #.M[..##.....M..
###. #.#.######.###.#.........
. #.#.......<# #........... #
#.########.# #>#.......#. #.#
#.....##.....## #..
###.#####...## #.. #.## #.. .#


You could see Menkaure.

Vanquished Creatures
  A centaur skeleton (D:5)
  An orc priest (D:5)
  Terence (D:3)
  2 orc wizards (D:4)
  A worker ant (D:4)
  6 adders
  An ooze (D:4)
  An adder skeleton (D:4)
  A worm (D:3)
  3 orcs
  2 ball pythons
  7 bats
  3 giant cockroaches
  3 goblins
  6 hobgoblins
  3 jackals (D:4)
  9 kobolds
  3 quokkas
  5 rats
59 creatures vanquished.

Vanquished Creatures (others)
  2 orcs (D:4)
2 creatures vanquished.

Grand Total: 61 creatures vanquished

Notes
Turn   | Place    | Note
--------------------------------------------------------------
     0 | D:1      | Arkorax the Vampire Transmuter began the quest for the Orb.
     0 | D:1      | Reached XP level 1. HP: 14/14 MP: 3/3
    37 | D:1      | Reached skill level 1 in Fighting
   213 | D:1      | Reached XP level 2. HP: 16/21 MP: 5/5
  1145 | D:2      | Found a white marble altar of Elyvilon.
  1217 | D:2      | Reached XP level 3. HP: 19/27 MP: 6/6
  1619 | D:2      | Reached skill level 4 in Unarmed Combat
  2197 | D:3      | Found a faded altar to an unknown god.
  2892 | D:3      | Noticed Terence
  2916 | D:3      | Killed Terence
  2916 | D:3      | Reached XP level 4. HP: 9/34 MP: 7/7
  3994 | D:4      | Noticed P0WERM0DE's ghost (novice HuCK)
  4056 | D:4      | Found a staircase to the Ecumenical Temple.
  4189 | D:4      | Reached skill level 5 in Unarmed Combat
  4189 | D:4      | Reached XP level 5. HP: 31/41 MP: 8/8
  4306 | D:4      | Found a shattered altar of Ashenzari.
  4387 | D:4      | Found a shadowy altar of Dithmenos.
  4394 | D:4      | Found a sparkling altar of Nemelex Xobeh.
  4938 | D:5      | Entered Level 5 of the Dungeon
  5022 | D:4      | Gained mutation: You have sharp toenails. [potion of mutation]
  5022 | D:4      | Gained mutation: You are partially covered in large bone plates (AC +2, SH +2). [potion of mutation]
  5022 | D:4      | Gained mutation: You are clumsy. (Dex -2) [potion of mutation]
  5982 | D:5      | Reached XP level 6. HP: 33/48 MP: 9/9
  6222 | D:5      | Noticed Menkaure
  6253 | D:5      | Slain by Menkaure

Vault maps used:
D:1:      sevenhm_arrival_forest_fort_large_2
D:2:      elyvilon_altar_1, minivault_14
D:3:      ecumenical_altar_2, wad_floor_pattern_untrapped, uniq_terence
D:4:      nemelex_deck, kennysheep_little_box, temple_fountains,
          lemuel_altar_in_water2
D:5:      grunt_gozag_statues, led_sif_book, gammafunk_temple_overflow_statue,
          first_bread, uniq_menkaure, uniq_eustachio

Action                   |  1- 3 |  4- 6 || total
-------------------------+-------+-------++-------
Melee: Unarmed           |   150 |   185 ||   335
  Use: Potion            |     4 |    13 ||    17
 Stab: Sleeping          |     5 |       ||     5
       Invisible         |       |     5 ||     5
